 Dungeon Sprint DCSS version 0.14-a0-1686-g0e827d1 (webtiles) character file.

6743 LoliLover the Fencer (level 10, -16/99 HPs)
             Began as a Djinni Fighter on Dec 30, 2013.
             Was the Champion of Makhleb.
             Blown up by an eye of devastation (21 damage)
             ... with a bolt of energy
             ... in the Dungeon (Sprint VII: "The Pits").
             The game lasted 00:11:30 (1377 turns).

LoliLover the Fencer (Djinni Fighter)               Turns: 1377, Time: 00:11:30

HP -16/99        AC 20     Str 17      XL: 10   Next: 75%
MP   0/0         EV  5     Int 15      God: Makhleb [******]
Gold 0           SH 26     Dex 15      Spells:  0 memorised, 26 levels left

rFire  + + +     SeeInvis .     q - -1,+1 orc long sword (flame)
rCold  x . .     Clarity  .     x - +3 plate armour
rNeg   + + +     Conserve .     c - +0 shield (curse)
rPois  .         rCorr    .     s - +0 helmet
rElec  .         rRot     .     (no cloak)
SustAb . .       Spirit   .     (no gloves)
rMut   .         Warding  .     (boots unavailable)
Saprov . . .     NoTele   +     (no amulet)
                                f - +3 ring of dexterity
                                b - +3 ring of intelligence

@: flying, somewhat resistant to hostile enchantments, extremely unstealthy
A: fire immunity, cold vulnerability, life protection 3
a: Minor Destruction, Lesser Servant of Makhleb, Major Destruction, Greater
Servant of Makhleb, Renounce Religion


You were in the Dungeon.
You worshipped Makhleb.
Makhleb was exalted by your worship.
You were not hungry.

You visited 1 branch

Inventory:

Hand weapons
 d - a +2,+2 falchion
 q - a -1,+1 orcish long sword of flaming (weapon)
 r - a +2,+1 dagger of draining
 v - a +2,+2 scimitar of holy wrath
Missiles
 g - 2 throwing nets
 o - 10 stones (quivered)
Armour
 c - a cursed +0 shield (worn)
 s - a +0 helmet (worn)
 x - a +3 plate armour (worn)
Scrolls
 j - a scroll of blinking
 k - 2 scrolls of vulnerability
 l - 2 scrolls of remove curse
 m - 5 scrolls of amnesia
 n - a scroll of summoning
Jewellery
 b - a +3 ring of intelligence (left hand)
 f - a +3 ring of dexterity (right hand)
Potions
 e - a potion of curing
Magical staves
 p - an uncursed staff of energy


   Skills:
 + Level 7.8 Fighting
 + Level 15.3 Long Blades
 + Level 13.6 Armour
 + Level 12.6 Shields
 + Level 8.6 Spellcasting


You had 26 spell levels left.
You didn't know any spells.

Dungeon Overview and Level Annotations

Branches:
Dungeon (1/1)

Altars:
Ashenzari
Cheibriados
Elyvilon
Fedhas
Kikubaaqudgha
Makhleb
Nemelex Xobeh
Okawaru
Sif Muna
Trog
Vehumet
Xom
Yredelemnul
Zin
the Shining One
Beogh
Jiyva
Lugonu

Annotations:
D Maurice


Innate Abilities, Weirdness & Mutations

You are immune to all types of fire, even holy and hellish.
You are vulnerable to cold.
You need no food.
You have no legs.
You are immune to negative energy.


Message History

The quasit claws you but does no damage.
You hit the eye of devastation. You burn the eye of devastation.
The eye of devastation is heavily wounded.
The orange demon closely misses you. The eye of devastation gazes at you.
The bolt of energy hits you!
* * * LOW HITPOINT WARNING * * *
You block the quasit's attack.
The quasit claws you but does no damage.
You slash the eye of devastation! You burn the eye of devastation.
The eye of devastation is severely wounded.
You hear some strange, mumbled words.
You block the quasit's attack.
The quasit claws you but does no damage.
The orange demon stings you but does no damage.
You hit the eye of devastation. You burn the eye of devastation.
The eye of devastation is almost dead.
The eye of devastation gazes at you. The bolt of energy hits you!
You die...

...# ...+ ...+ ...# ...#
#### ############## ####
.............###((#
..............#5@# .
##...#%######.§G## @.4
.#####.##...##4## .#.#
...##...#...#...# 5.5..
....#...#...#...#.......
....'...'.).'...5p....G.
....#...#...#...#a......
...##...#...#...#......
.#####.##...##+## #C#.#


You could see an eye of devastation, an orange demon and a quasit.

Vanquished Creatures
  A merfolk impaler (D)
  Josephine (D)
  A flayed ghost (D)
  A giant amoeba (D)
  A lindwurm (D)
  A cyclops (D)
  An orange demon (D)
  A polar bear (D)
  A troll (D)
  A bog body (D)
  A giant leech (D)
  2 grizzly bears (D)
  A basilisk (D)
  2 hungry ghosts (D)
  A wraith (D)
  4 merfolk (D)
  An ogre (D)
  2 crocodiles (D)
  2 phantoms (D)
  A brain worm (D)
  4 wights (D)
  A hound (D)
  A quasit (D)
  A worker ant (D)
  Jessica (D)
  A mummy (D)
  A giant centipede (D)
  2 giant mites (D)
  An ufetubus (D)
  A giant eyeball (D)
  2 giant geckos (D)
  An ooze (D)
  An orc (D)
  A bat simulacrum (D)
  A hobgoblin (D)
  2 jackals (D)
  A quokka (D)
  2 giant newts (D)
  A giant newt skeleton (D)
  A hobgoblin simulacrum (D)
  A rat (D)
  A rat zombie (D)
56 creatures vanquished.

Vanquished Creatures (others)
  A spiny frog (D)
  A merfolk (D)
2 creatures vanquished.

Grand Total: 58 creatures vanquished

Notes
Turn   | Place    | Note
--------------------------------------------------------------
     0 | D        | LoliLover, the Djinni Fighter, began the quest for the Orb.
     0 | D        | Reached XP level 1. HP: 16/16 MP: 0/0
    10 | D        | Paralysed by a giant eyeball for 3 turns
    16 | D        | Paralysed by a giant eyeball for 2 turns
    26 | D        | Found a basalt altar of Yredelemnul.
    26 | D        | Found a deep blue altar of Sif Muna.
    26 | D        | Found a burning altar of Makhleb.
    26 | D        | Found a shimmering altar of Xom.
    26 | D        | Found an ancient bone altar of Kikubaaqudgha.
    26 | D        | Found a sparkling altar of Nemelex Xobeh.
    27 | D        | Found a glowing golden altar of the Shining One.
    27 | D        | Found a bloodstained altar of Trog.
    27 | D        | Found a shattered altar of Ashenzari.
    27 | D        | Found a white marble altar of Elyvilon.
    27 | D        | Found a snail-covered altar of Cheibriados.
    27 | D        | Found a blossoming altar of Fedhas.
    27 | D        | Found a radiant altar of Vehumet.
    27 | D        | Found a glowing silver altar of Zin.
    27 | D        | Found a corrupted altar of Lugonu.
    27 | D        | Found a viscous altar of Jiyva.
    27 | D        | Found a roughly hewn altar of Beogh.
    27 | D        | Found an iron altar of Okawaru.
    30 | D        | Became a worshipper of Makhleb the Destroyer
    65 | D        | Reached skill level 4 in Armour
    65 | D        | Reached XP level 2. EP: 13/22
    69 | D        | Acquired Makhleb's first power
   109 | D        | Noticed a worker ant
   125 | D        | Acquired Makhleb's second power
   143 | D        | Killed a worker ant
   143 | D        | Reached skill level 5 in Long Blades
   143 | D        | Reached XP level 3. EP: 15/28
   146 | D        | Acquired Makhleb's third power
   246 | D        | Reached skill level 5 in Armour
   253 | D        | Acquired Makhleb's fourth power
   255 | D        | Acquired Makhleb's fifth power
   330 | D        | Noticed a wight
   330 | D        | Noticed a wight
   330 | D        | Noticed a wight
   339 | D        | Killed a wight
   339 | D        | Reached skill level 6 in Long Blades
   339 | D        | Reached skill level 5 in Shields
   339 | D        | Reached XP level 4. EP: 30/34
   349 | D        | Killed a wight
   349 | D        | Reached skill level 7 in Long Blades
   349 | D        | Reached XP level 5. EP: 29/40
   358 | D        | Killed a wight
   358 | D        | Reached skill level 8 in Long Blades
   359 | D        | Noticed a hound
   359 | D        | Noticed a wight
   359 | D        | Noticed Jessica
   368 | D        | Killed a wight
   373 | D        | Killed a hound
   373 | D        | Reached skill level 9 in Long Blades
   380 | D        | Reached XP level 6. EP: 47/47
   382 | D        | Killed Jessica
   385 | D        | Noticed a brain worm
   390 | D        | Killed a brain worm
   407 | D        | Noticed a bog body
   424 | D        | Killed a bog body
   424 | D        | Reached skill level 10 in Long Blades
   424 | D        | Reached XP level 7. EP: 39/52
   475 | D        | Noticed a hungry ghost
   475 | D        | Noticed an ogre
   480 | D        | Killed an ogre
   480 | D        | Reached skill level 11 in Long Blades
   491 | D        | Killed a hungry ghost
   512 | D        | Noticed a giant leech
   512 | D        | Noticed a troll
   514 | D        | Noticed a hungry ghost
   532 | D        | Killed a troll
   532 | D        | Reached skill level 12 in Long Blades
   532 | D        | Reached skill level 10 in Armour
   560 | D        | Killed a giant leech
   560 | D        | Reached XP level 8. EP: 59/59
   581 | D        | Killed a hungry ghost
   705 | D        | Noticed a basilisk
   705 | D        | Noticed a phantom
   705 | D        | Noticed a grizzly bear
   717 | D        | Killed a basilisk
   717 | D        | Reached skill level 13 in Long Blades
   717 | D        | Reached skill level 10 in Shields
   728 | D        | Killed a grizzly bear
   748 | D        | Killed a phantom
   768 | D        | Noticed a flayed ghost
   769 | D        | Noticed an orange demon
   769 | D        | Noticed a spiny frog
   769 | D        | Noticed a grizzly bear
   780 | D        | Killed a spiny frog
   817 | D        | Killed a flayed ghost
   817 | D        | Reached skill level 14 in Long Blades
   817 | D        | Reached XP level 9. EP: 59/76
   830 | D        | Killed an orange demon
   842 | D        | Killed a grizzly bear
   859 | D        | Noticed a polar bear
   859 | D        | Noticed a wraith
   859 | D        | Noticed Josephine
   861 | D        | Noticed a crocodile
   886 | D        | Killed Josephine
   886 | D        | Reached skill level 5 in Fighting
   886 | D        | Reached skill level 5 in Spellcasting
   898 | D        | Killed a crocodile
   910 | D        | Killed a wraith
   919 | D        | Killed a polar bear
   919 | D        | Reached XP level 10. EP: 90/92
   932 | D        | Noticed a merfolk
   932 | D        | Noticed a merfolk
   932 | D        | Noticed a crocodile
   933 | D        | Noticed a merfolk
   933 | D        | Noticed a giant amoeba
   934 | D        | Noticed a merfolk
   948 | D        | Noticed a merfolk
   951 | D        | Killed a merfolk
   956 | D        | Killed a crocodile
   960 | D        | Noticed a merfolk impaler
   971 | D        | Killed a giant amoeba
   973 | D        | Noticed a lindwurm
  1043 | D        | Killed a merfolk impaler
  1043 | D        | Reached skill level 15 in Long Blades
  1047 | D        | Killed a merfolk
  1065 | D        | Killed a lindwurm
  1070 | D        | Killed a merfolk
  1084 | D        | Killed a merfolk
  1096 | D        | Killed a merfolk
  1318 | D        | Noticed Maurice
  1318 | D        | Noticed a quasit
  1318 | D        | Noticed a quasit
  1318 | D        | Noticed an eye of devastation
  1318 | D        | Noticed a phantom
  1318 | D        | Noticed a soldier ant
  1318 | D        | Noticed a cyclops
  1319 | D        | Noticed an orange demon
  1328 | D        | Killed a quasit
  1338 | D        | Killed a phantom
  1369 | D        | Killed a cyclops
  1377 | D        | Blown up by an eye of devastation

Action                   |  1- 3 |  4- 6 |  7- 9 | 10-12 || total
-------------------------+-------+-------+-------+-------++-------
Melee: Falchion          |    54 |       |       |       ||    54
       Long sword        |     9 |    53 |   219 |   154 ||   435
  Use: Potion            |     3 |     4 |     9 |    12 ||    28
 Stab: Invisible         |     3 |       |     9 |       ||    12
